AoeStats
← luzmamera2

Fortress

509687432Analyzed
4v4 RM · 6d ago on Sep 27, 2026· 48m 3s· 8 players
Game mode
Random Map
Map size
Huge
Population
200
Speed
Normal
Resources
Standard
Victory
Conquest
Starting age
Dark Age
Ending age
Imperial Age
RankedLock teamsTeams togetherTeam positionsShared explorationLock speedFull tech treeHidden civsTurbo modeCheats
Victory
Defeat
🇵🇪 Franks · Peru
885
+17
🇨🇴 Maya · Colombia
861
+18
🇨🇭 Vietnamese · Switzerland
854
+19
🇧🇷 Portuguese · Brazil
853
+19
🇬🇧 Saracens · United Kingdom
941
-19
🇪🇸 Mongols · Spain
925
-19
🇬🇧 Maya · United Kingdom
899
-18
🇦🇷 Bohemians · Argentina
893
-17
Doofus
7:12 Feudal Age
7:45 Double-Bit Axe
7:42 Horse Collar
12:03 Castle Age
10:21 Town Watch
10:22 Loom
13:30 Bow Saw
13:22 Heavy Plow
14:02 Wheelbarrow
14:51 Squires
15:57 Fletching
20:30 Gold Mining
25:02 Imperial Age
22:59 Ballistics
23:05 Padded Archer Armor
24:26 Bodkin Arrow
24:47 Leather Archer Armor
26:22 Conscription
27:12 Two-Man Saw
26:27 Bracer
27:31 Chemistry
27:47 Ring Archer Armor
29:18 Stone Mining
29:35 Pikeman
30:49 Hand Cart
30:57 Town Patrol
31:22 Forging
31:13 Scale Mail Armor
31:03 Halberdier
32:58 Iron Casting
33:15 Crop Rotation
33:03 Chain Mail Armor
34:18 Murder Holes
34:35 Fortified Wall
35:04 Masonry
35:59 Blast Furnace
35:29 Plate Mail Armor
35:00 Elite Plumed Archer
37:08 Hoardings
38:21 Caravan
38:51 Coinage
38:54 Architecture
40:57 Eagle Warrior
42:12 Holcans
42:51 Elite Eagle Warrior
45:02 Heavy Scorpion
fer_es_merengue9
6:28 Feudal Age
7:13 Double-Bit Axe
7:11 Horse Collar
10:12 Loom
13:28 Castle Age
15:19 Padded Archer Armor
15:41 Heavy Plow
15:56 Bow Saw
17:06 Fletching
19:11 Gold Mining
| Hooligan |
10:44 Feudal Age
15:17 Castle Age
14:11 Bloodlines
14:04 Loom
14:08 Horse Collar
14:38 Double-Bit Axe
20:52 Forging
20:50 Husbandry
30:50 Bow Saw
32:06 Heavy Plow
38:06 Imperial Age
36:23 Light Cavalry
37:48 Iron Casting
38:09 Elite Mameluke
38:55 Elite Mameluke
43:54 Two-Man Saw
43:30 Bimaristan
47:53 Blast Furnace
Lincold
1:17 Loom
8:07 Feudal Age
8:42 Horse Collar
8:48 Double-Bit Axe
20:16 Castle Age
20:51 Scale Mail Armor
21:02 Forging
21:27 Caravan
21:47 Chain Mail Armor
21:30 Pikeman
24:55 Iron Casting
27:48 Chemistry
26:52 Heavy Plow
38:00 Imperial Age
36:47 Squires
36:34 Arson
38:53 Halberdier
40:07 Plate Mail Armor
43:29 Blast Furnace
46:54 Fortified Wall
WololoJedi
2:17 Loom
7:02 Feudal Age
8:19 Wheelbarrow
7:32 Double-Bit Axe
7:47 Horse Collar
13:41 Castle Age
11:39 Gold Mining
12:38 Forging
12:33 Stone Mining
13:17 Scale Mail Armor
14:39 Bow Saw
15:04 Heavy Plow
17:30 Stone Shaft Mining
22:09 Pikeman
22:50 Squires
24:26 Fletching
24:37 Padded Archer Armor
32:33 Imperial Age
31:37 Hul'che Javelineers
32:12 Fortified Wall
32:46 Halberdier
33:12 Arson
32:48 Eagle Warrior
32:49 Man-at-Arms
34:01 Conscription
35:29 Chemistry
34:50 Ballistics
35:07 Bodkin Arrow
35:47 Iron Casting
36:41 Two-Man Saw
36:56 Hoardings
38:16 Chain Mail Armor
38:08 Elite Eagle Warrior
39:16 Leather Archer Armor
41:07 Plate Mail Armor
41:37 Blast Furnace
40:38 Bracer
41:08 Ring Archer Armor
41:36 Long Swordsman
43:37 Two-Handed Swordsman
luzmamera2
2:15 Loom
10:01 Feudal Age
10:52 Double-Bit Axe
14:38 Stone Mining
14:42 Gold Mining
17:22 Castle Age
16:14 Padded Archer Armor
16:04 Fletching
18:22 Bow Saw
17:39 Elite Skirmisher
18:26 Thumb Ring
19:33 Leather Archer Armor
24:12 Wheelbarrow
24:20 Hand Cart
24:51 Leather Archer Armor
24:32 Bodkin Arrow
30:54 Stone Shaft Mining
32:01 Ballistics
31:53 Fortified Wall
31:39 Murder Holes
36:15 Imperial Age
35:28 Masonry
38:07 Chemistry
37:14 Siege Engineers
37:43 Ring Archer Armor
37:14 Bracer
37:15 Scale Mail Armor
37:25 Forging
40:25 Two-Man Saw
38:52 Imperial Skirmisher
40:39 Pikeman
41:20 Squires
41:05 Arson
40:42 Elite Fire Lancer
41:45 Chain Mail Armor
42:06 Iron Casting
44:45 Plate Mail Armor
fatiga
7:41 Feudal Age
12:05 Castle Age
10:36 Scale Mail Armor
12:30 Double-Bit Axe
15:06 Man-at-Arms
16:08 Long Swordsman
17:37 Chain Mail Armor
18:23 Gambesons
18:32 Gambesons
19:25 Forging
21:14 Iron Casting
24:48 Bow Saw
29:39 Imperial Age
29:18 Wheelbarrow
31:20 Hand Cart
34:04 Gold Mining
34:08 Stone Mining
40:23 Fletching
40:34 Padded Archer Armor
41:00 Elite Skirmisher
41:47 Imperial Skirmisher
42:28 Bodkin Arrow
41:56 Elite Throwing Axeman
43:35 Leather Archer Armor
44:09 Ballistics
45:46 Chemistry
45:16 Caravan
47:15 Scale Barding Armor
48:34 Gold Shaft Mining
Panda de jeová
10:08 Feudal Age
11:42 Double-Bit Axe
14:07 Castle Age
12:21 Double-Bit Axe
12:20 Horse Collar
12:47 Loom
13:58 Gold Mining
14:04 Stone Mining
15:23 Bow Saw
16:23 Scale Barding Armor
16:30 Forging
18:59 Wheelbarrow
19:13 Husbandry
19:24 Bloodlines
21:38 Hand Cart
21:08 Town Watch
25:35 Town Patrol
31:34 Imperial Age
31:24 Circumnavigation
31:51 Chain Barding Armor
32:06 Iron Casting
33:14 Plate Barding Armor
32:05 Cavalier
33:33 Stone Shaft Mining
34:07 Two-Man Saw
33:12 Heavy Plow
34:12 Caravan
38:27 Sanctity
38:28 Heresy
38:43 Theocracy
38:09 Devotion
38:10 Atonement
38:06 Herbal Medicine
40:00 Padded Archer Armor
41:05 Blast Furnace
40:00 Elite Organ Gun
41:49 Chemistry
41:10 Ballistics
40:31 Treadmill Crane
41:01 Masonry
40:42 Heated Shot
40:43 Guard Tower
41:04 Fortified Wall
40:50 Murder Holes
41:02 Siege Engineers
41:10 Siege Engineers
45:49 Arquebus
46:45 Crop Rotation
Connection lost

Rejoining the realm…

Still unreachable

The connection could not be restored.

Session expired

The server has moved on; the page needs a fresh start.